 Dungeon Crawl Stone Soup version 0.24-a0-346-ge062c78e24 (webtiles) character file.

Game seed: 14115566496209856306

6449 MachJacob the Nimble (level 10, -1/40 HPs)
             Began as a Felid Venom Mage on May 22, 2019.
             Was a Priest of Dithmenos.
             Shot with a sling bullet by Joseph (3 damage)
             ... on level 10 of the Dungeon.
             The game lasted 01:17:16 (23539 turns).

MachJacob the Nimble (Felid Venom Mage)            Turns: 23539, Time: 01:17:16

Health: -1/40      AC:  2    Str:  4    XL:     10   Next: 67%
Magic:  4/18       EV: 29    Int: 20    God:    Dithmenos [***...]
Gold:   472        SH:  0    Dex: 17    Spells: 7/19 levels left
                                        Lives:  0   Deaths: 3

rFire    . . .     SeeInvis +     - Unarmed
rCold    . . .     Gourm    .   (shield unavailable)
rNeg     . . .     Faith    .   (armour unavailable)
rPois    +         Spirit   .   (helmet unavailable)
rElec    .         Reflect  .   (cloak unavailable)
rCorr    .         Harm     .   (gloves unavailable)
MR       +....                  (boots unavailable)
Stlth    +++++.....             o - amulet of magic regeneration
HPRegen  0.13/turn              i - ring of poison resistance
MPRegen  0.41/turn              p - ring of wizardry

@: radiating poison, wreathed by umbra, quick
A: very small, no armour, no weapons or thrown items, stealth, claws 1, fangs 3,
see invisible, carnivore, speed 1, shaggy fur 2, slow metabolism 1, sharp paws
a: Shadow Step, Renounce Religion


You were on level 10 of the Dungeon.
You worshipped Dithmenos.
Dithmenos was most pleased with you.
You were very full.

You visited 2 branches of the dungeon, and saw 11 of its levels.

You collected 472 gold pieces.

Inventory:

Missiles
 f - 248 arrows
Jewellery
 i - a ring of poison resistance (left paw)
 m - a +4 ring of dexterity {unknown}
 o - an amulet of magic regeneration (around neck)
 p - a ring of wizardry (right paw)
 s - an uncursed ring of resist corrosion
Wands
 e - a wand of flame (1)
 r - a wand of disintegration (8)
 t - a wand of iceblast (16)
Scrolls
 a - 9 scrolls of remove curse
 c - 3 scrolls of teleportation
 v - a scroll of immolation {unknown}
 w - a scroll of torment {unknown}
 x - a scroll of fog
 y - 2 scrolls of identify
 z - a scroll of blinking
Potions
 d - a potion of ambrosia
 g - 5 potions of curing
 h - 4 potions of brilliance
 j - 2 potions of haste
 k - a potion of mutation {unknown}
 l - a potion of degeneration {unknown}
 q - 2 potions of heal wounds
 u - 3 potions of flight {unknown}
Comestibles
 b - 27 rations


   Skills:
 + Level 2.6 Fighting
 + Level 13.5 Dodging
 + Level 4.9 Stealth
 * Level 4.0 Unarmed Combat
 - Level 5.0 Spellcasting
 - Level 8.2 Conjurations
 - Level 3.0 Hexes
 - Level 5.1 Air Magic
 - Level 8.0 Poison Magic


You had 7 spell levels left.
You knew the following spells:

 Your Spells              Type           Power        Failure   Level  Hunger
a - Sting                 Conj/Pois      ####         1%          1    None
b - Mephitic Cloud        Conj/Pois/Air  ####....     1%          3    ##.....
c - Confusing Touch       Hex            ###...       1%          1    None
d - Magic Dart            Conj           ####         1%          1    None
e - Olgreb's Toxic Radia  Pois           #####...     1%          4    ####...
f - Sticks to Snakes      Tmut           #.......     7%          2    None

Your spell library contained the following spells:

 Spells                   Type           Power        Failure   Level  Hunger
 Poisonous Vapours        Pois/Air       ####..       1%          2    None
 Searing Ray              Conj           #####.       1%          2    None
 Dazzling Spray           Conj/Hex       ####..       1%          3    ##.....
 Iskenderun's Mystic Bla  Conj           #####...     1%          4    ####...
 Spider Form              Tmut/Pois      ###.......   2%          3    ##.....
 Animate Skeleton         Necr           N/A          4%          1    None
 Apportation              Tloc           #.....       4%          1    None
 Beastly Appendage        Tmut           #.....       4%          1    None
 Summon Small Mammal      Summ           #...         4%          1    None
 Fulminant Prism          Conj/Hex       ####......   4%          4    ####...
 Venom Bolt               Conj/Pois      #####.....   4%          5    #####..
 Force Lance              Conj/Tloc      ###.....     9%          4    ####...
 Ice Form                 Ice/Tmut       #.......     41%         4    ####...
 Blade Hands              Tmut           #.........   75%         5    #####..


Dungeon Overview and Level Annotations

Branches:
Dungeon (10/15)            Temple (1/1) D:5            Lair (0/6) D:9
    Orc (0/2) D:9

Altars:
Ashenzari
Cheibriados
Dithmenos
Elyvilon
Fedhas
Gozag
Hepliaklqana
Kikubaaqudgha
Makhleb
Nemelex Xobeh
Okawaru
Qazlal
Ru
Sif Muna
Trog
Uskayaw
Vehumet
Wu Jian
Xom
Yredelemnul
Zin
The Shining One

Annotations:
D:5 Eustachio
D:10 Joseph, Urug


Innate Abilities, Weirdness & Mutations

You cannot wear armour.
You are incapable of wielding weapons or throwing items.
Your paws allow you to move quietly. (Stealth)
You have sharp claws.
You have razor-sharp teeth.
You have supernaturally acute eyesight. (SInv)
You are carnivorous and can eat meat at any time.
You cover ground quickly.
You are covered in thick fur. (AC +2)
You have a slow metabolism.
Your sharp claws are effective at attacking unaware monsters.


Message History

It stops flaming.
Joseph wields a +1 quarterstaff of protection.
Joseph misses you.
Joseph unwields a +1 quarterstaff of protection.
Joseph wields a +2 hunting sling of flaming.
It bursts into flame!
Joseph shoots a sling bullet.
The sling bullet hits you! The sling bullet burns you.
You see here a sling bullet.
Joseph shoots a sling bullet.
The sling bullet completely misses you.
You see here a sling bullet.
Joseph shoots a sling bullet.
The sling bullet completely misses you.
All of the chunks of flesh in your inventory have rotted away.
You see here a sling bullet.
Casting: Olgreb's Toxic Radiance (safe; 1% risk of failure)
Confirm with . or Enter, or press ? or * to list all spells.
You begin to radiate toxic energy.
Joseph looks as sick as possible! x2
Joseph shoots a sling bullet.
The sling bullet hits you!
* * * LOW HITPOINT WARNING * * *
The sling bullet burns you.
You die...

(.## ############.#
..(###............#
..(≈≈#............#
.♣(.(##############
.....(## ._.♣...#
.......############
.♣..≈#(...........#
...≈≈#...@.(..(.@.#
...##############.#
..###.# #.# .## #.#
#.# .####.# #.#
......###########.#
..................#
..................#
###################


You could see Joseph.

Vanquished Creatures
  Harold (D:7)
  3 two-headed ogres
  4 lindwurms (D:8)
  A queen bee (D:8)
  A troll (D:10)
  5 hippogriffs
  Sigmund (D:5)
  10 yaks (D:9)
  A wraith (D:9)
  A steam dragon (D:9)
  Edmund (D:5)
  Duvessa (D:4)
  An eye of draining (D:9)
  A necrophage (D:7)
  An orc warrior (D:9)
  2 ice beasts
  7 centaurs
  4 ogres
  Blork the orc (D:5)
  8 bullfrogs
  A gnoll sergeant (D:9)
  Dowan (D:4)
  25 killer bees
  5 wights (D:9)
  2 jellies (D:8)
  7 crimson imps
  2 hounds
  A gnoll shaman (D:3)
  4 orc priests
  7 orc wizards
  A bullfrog skeleton (D:4)
  Natasha (thrice) (D:2)
  6 iguanas
  6 worker ants
  5 hound skeletons
  2 howler monkey zombies
  5 worker ant zombies
  14 adders
  20 gnolls
  2 shadow imps
  An ooze (D:4)
  4 adder zombies
  2 adder skeletons
  3 worms
  4 dart slugs
  3 leopard geckos
  31 orcs
  7 giant cockroaches
  5 goblins
  5 hobgoblins
  14 jackals
  7 kobolds
  5 quokkas
  3 ball pythons
  2 ball python zombies (D:4)
  5 bats
  5 frilled lizards
  2 giant cockroach zombies (D:4)
  A jackal skeleton (D:4)
  A jackal zombie (D:4)
  A leopard gecko skeleton (D:4)
  A quokka skeleton (D:4)
  11 rats
297 creatures vanquished.

Vanquished Creatures (others)
  A quokka (D:10)
1 creature vanquished.

Grand Total: 298 creatures vanquished

Notes
Turn   | Place    | Note
-------+----------+-------------------------------------------
     0 | D:1      | MachJacob the Felid Venom Mage began the quest for the Orb.
     0 | D:1      | Reached XP level 1. HP: 7/7 MP: 4/4
    23 | D:1      | Reached skill level 1 in Conjurations
   419 | D:1      | Reached XP level 2. HP: 11/11 MP: 4/6
   651 | D:1      | Reached skill level 3 in Dodging
  1077 | D:2      | Reached XP level 3. HP: 9/14 MP: 3/7
  1245 | D:2      | Learned a level 3 spell: Mephitic Cloud
  1590 | D:2      | Noticed Natasha
  1612 | D:2      | Killed Natasha
  1612 | D:2      | Reached XP level 4. HP: 10/18 MP: 3/8
  1748 | D:2      | Noticed Natasha
  1759 | D:2      | Killed Natasha
  2042 | D:2      | Noticed Natasha
  2053 | D:2      | Killed Natasha
  2053 | D:2      | Reached XP level 5. HP: 13/21 MP: 6/9
  2507 | D:2      | Reached skill level 1 in Air Magic
  3419 | D:3      | Reached skill level 4 in Dodging
  3970 | D:3      | Found a sparkling altar of Nemelex Xobeh.
  3994 | D:3      | Gained mutation: You are covered in thick fur. (AC +2)
                  | [Felid growth]
  3994 | D:3      | Reached XP level 6. HP: 24/24 MP: 4/11
  4621 | D:3      | Learned a level 1 spell: Confusing Touch
  4944 | D:4      | Noticed Duvessa
  5505 | D:3      | Reached skill level 1 in Hexes
  7205 | D:4      | Reached XP level 7. HP: 27/27 MP: 10/12
  9379 | D:5      | Entered Level 5 of the Dungeon
  9382 | D:5      | Noticed Edmund
  9590 | D:5      | Killed Edmund
  9590 | D:5      | Reached skill level 5 in Dodging
  9590 | D:5      | Reached skill level 5 in Poison Magic
  9642 | D:5      | Noticed Blork the orc
  9666 | D:5      | Killed Blork the orc
  9780 | D:5      | Found a staircase to the Ecumenical Temple.
  9787 | Temple   | Entered the Ecumenical Temple
  9979 | Temple   | Became a worshipper of Dithmenos the Shadowed
 10041 | D:5      | Noticed Sigmund
 10372 | D:5      | You fall into a shaft and drop 2 floors!
 10526 | D:6      | Reached XP level 8. HP: 23/31 MP: 14/14
 10741 | D:5      | Noticed Eustachio
 12269 | D:7      | Learned a level 1 spell: Magic Dart
 12275 | D:7      | Found a shimmering altar of Xom.
 12720 | D:7      | Found a basalt altar of Yredelemnul.
 12877 | D:7      | Reached skill level 5 in Conjurations
 13243 | D:7      | Noticed Harold
 13679 | D:7      | Reached skill level 6 in Dodging
 14593 | D:8      | Shot with an arrow by a centaur
 14594 | D:8      | Reached XP level 7. HP: -2/27 MP: 13/14
 14615 | D:8      | Reached XP level 8. HP: 9/31 MP: 15/15
 14866 | D:8      | Found the +27 Lear's hauberk
 14866 | D:8      | Noticed a lindwurm
 14990 | D:8      | Learned a level 4 spell: Olgreb's Toxic Radiance
 15260 | D:8      | Noticed a lindwurm
 15466 | D:8      | Noticed a two-headed ogre
 15598 | D:8      | Mangled by a two-headed ogre
 15599 | D:8      | Reached XP level 7. HP: -6/27 MP: 11/14
 15600 | D:8      | Killed a two-headed ogre
 15600 | D:8      | Reached XP level 8. HP: 31/31 MP: 14/16
 15602 | D:8      | Reached * piety under Dithmenos
 15992 | D:8      | Reached skill level 7 in Dodging
 16077 | D:8      | Noticed a hippogriff
 16110 | D:8      | Killed a hippogriff
 16166 | D:8      | Noticed a queen bee
 16173 | D:8      | Reached skill level 5 in Spellcasting
 16258 | D:8      | Reached XP level 9. HP: 31/34 MP: 5/17
 16723 | D:8      | Killed a queen bee
 16790 | D:8      | Noticed a lindwurm
 16808 | D:8      | Killed a lindwurm
 16808 | D:8      | Killed a lindwurm
 16808 | D:8      | Reached skill level 8 in Dodging
 16849 | D:8      | Noticed a lindwurm
 16867 | D:8      | Killed a lindwurm
 16867 | D:8      | Reached skill level 5 in Air Magic
 16869 | D:8      | Killed a lindwurm
 16869 | D:8      | Reached XP level 10. HP: 37/37 MP: 2/18
 16920 | D:8      | Reached skill level 9 in Dodging
 17147 | D:9      | Learned a level 2 spell: Sticks to Snakes
 17238 | D:9      | Noticed a two-headed ogre
 17290 | D:9      | Killed a two-headed ogre
 17290 | D:9      | Reached skill level 10 in Dodging
 17399 | D:9      | Reached ** piety under Dithmenos
 17520 | D:9      | Reached skill level 11 in Dodging
 18035 | D:9      | Found a staircase to the Lair.
 18121 | D:9      | Reached skill level 12 in Dodging
 18331 | D:9      | Found a staircase to the Orcish Mines.
 18341 | D:9      | Noticed a two-headed ogre
 18374 | D:9      | Killed a two-headed ogre
 18374 | D:9      | Reached skill level 13 in Dodging
 18374 | D:9      | Reached XP level 11. HP: 40/40 MP: 17/19
 18677 | D:9      | Found a white marble altar of Elyvilon.
 18682 | D:9      | Found a deep blue altar of Sif Muna.
 18744 | D:10     | Entered Level 10 of the Dungeon
 18774 | D:9      | Reached *** piety under Dithmenos
 19048 | D:9      | Reached skill level 1 in Unarmed Combat
 19246 | D:10     | Found a white marble altar of Elyvilon.
 19300 | D:10     | Noticed Joseph
 19943 | D:10     | Noticed Urug
 20115 | D:9      | Reached skill level 1 in Fighting
 21776 | D:10     | Slain by Joseph
 21777 | D:10     | Reached XP level 10. HP: -1/40 MP: 18/18
 22083 | D:4      | Killed Duvessa
 22085 | D:4      | Noticed Dowan
 22093 | D:4      | Killed Dowan
 22790 | D:5      | Killed Sigmund
 23228 | D:7      | Killed Harold
 23539 | D:10     | HP: 2/40 [Joseph/sling bullet (14)]
 23539 | D:10     | Shot with a sling bullet by Joseph

Levels and vault maps discovered:
D:1:      mainiacjoe_arrival_reflecting_pool, layout_loops_ring
D:2:      layout_basic, uniq_natasha
D:3:      layout_basic, nemelex_lonely_heart_becter
D:4:      layout_cave_pools, serial_undead, serial_undead_d, serial_undead_e,
          serial_undead_c, serial_undead_f, serial_undead_a, serial_undead_e,
          first_ration, uniq_duvessa
D:5:      cheibrodos_quashed, layout_loops_cross, temple_green,
          kennysheep_another_room, uniq_sigmund, uniq_blork_the_orc,
          uniq_eustachio, uniq_edmund
D:6:      layout_loops_ring
D:7:      layout_basic, nicolae_overflow_crystal_walls, lemuel_crystal_altar,
          minivault_5, uniq_harold
D:8:      layout_basic, david_nohive_1, minmay_lindwurm_lava
D:9:      layout_long_grid, amethyst_overflow_temple_binary, lair_entry_dummy,
          orc_0_dummy
D:10:     layout_long_grid, elyvilon_altar_4, uniq_urug, uniq_joseph
Temple:   dpeg_five_rooms_temple

Skill      XL: |  1  2  3  4  5  6  7  8  9 10 11 |
---------------+----------------------------------+-----
Conjurations   | 1 2 3 6 5 8 |  8.2
Poison Magic   | 3 4 5 7 8 |  8.0
Dodging        | 3 4 5 7 8 13 | 13.5
Air Magic      | 1 4 3 5 |  5.1
Spellcasting   | 3 5 |  5.0
Hexes          | 1 2 3 |  3.0
Stealth        | 4 |  4.9
Unarmed Combat | 4 2 |  4.0
Fighting       | 2 1 |  2.6

Action                   |  1- 3 |  4- 6 |  7- 9 | 10-12 || total
-------------------------+-------+-------+-------+-------++-------
Melee: Unarmed           |     4 |   160 |   335 |   148 ||   647
       Bite              |       |    16 |    38 |    13 ||    67
 Cast: Sting             |    63 |   187 |   231 |   126 ||   607
       Confusing Touch   |       |     6 |    12 |     4 ||    22
       Magic Dart        |       |       |    31 |   148 ||   179
       Olgreb's Toxic Ra |       |       |    30 |    69 ||    99
       Sticks to Snakes  |       |       |       |     2 ||     2
Evoke: Wand              |       |       |       |     4 ||     4
  Use: Scroll            |     1 |     2 |    11 |     1 ||    15
       Potion            |       |       |     2 |       ||     2
 Stab: Sleeping          |     1 |     2 |     8 |     1 ||    12
       Confused          |       |     5 |    12 |       ||    17
       Distracted        |       |     1 |       |       ||     1
  Eat: Chunk             |     9 |    11 |    27 |    30 ||    77
Armor: Skin              |     2 |    13 |    21 |     2 ||    38
Dodge: Dodged            |    19 |   210 |   384 |   279 ||   892

Table legend:
 A = Non-vault XP
 B = Vault XP
 C = Vault XP percentage of total XP
 D = Non-vault monster count
 E = Vault monster count
 F = Vault count percentage of total count
                 A         B        C        D         E       F
            +---------+---------+-------+---------+---------+-------
      Total |   12698 |    5645 |  30.8 |     254 |      43 |  14.5
            +---------+---------+-------+---------+---------+-------
        D:1 |      30 |       0 |   0.0 |      20 |       0 |   0.0
        D:2 |     173 |      36 |  17.2 |      25 |       1 |   3.8
        D:3 |     480 |       0 |   0.0 |      50 |       0 |   0.0
        D:4 |     376 |     344 |  47.8 |      22 |      17 |  43.6
        D:5 |      34 |     477 |  93.3 |      12 |       3 |  20.0
        D:6 |     664 |       0 |   0.0 |      21 |       0 |   0.0
        D:7 |     988 |     987 |  50.0 |      21 |       1 |   4.5
        D:8 |    2192 |    3801 |  63.4 |      20 |      21 |  51.2
        D:9 |    6652 |       0 |   0.0 |      51 |       0 |   0.0
       D:10 |    1109 |       0 |   0.0 |      12 |       0 |   0.0
            +---------+---------+-------+---------+---------+-------
